 Dungeon Crawl Stone Soup version 0.29-a0-284-gf9362112df (webtiles) character file.

Game seed: 7042758332033495015

385 frimble the Skirmisher (level 7, 0/53 HPs)
             Began as a Djinni Cinder Acolyte on Mar 17, 2022.
             Was a High Priest of Ignis.
             Slain by a water moccasin (8 damage)
             ... on level 4 of the Dungeon.
             The game lasted 00:03:39 (4593 turns).

frimble the Skirmisher (Djinni Cinder Acolyte)      Turns: 4593, Time: 00:03:40

Health: 0/53       AC:  6    Str: 13    XL:     7   Next: 6%
Gold:   188        EV: 11    Int: 18    God:    Ignis [*****.] SH:  0 Dex:  8

rFire   + + +      SeeInvis .   a - -1 short sword (flame)
rCold   x . .      Faith    .   (no shield)
rNeg    + . .      Spirit   .   b - +0 robe
rPois   ∞          Reflect  .   h - +2 hat
rElec   .          Harm     .   (no cloak)
rCorr   .          Rampage  .   o - +1 pair of gloves
Will    .....                   (boots unavailable)
Stlth   +.........              i - amulet of the acrobat
HPRegen 0.17/turn               d - ring of positive energy
MPRegen 0.00/turn               (no ring)

@: flying
A: sickness immunity, fire resistance 2, cold vulnerability 1, float, innate
caster, HP casting, extra vitality 1
a: Renounce Religion, Fiery Armour, Foxfire Swarm, Rising Flame


You were on level 4 of the Dungeon.
You worshipped Ignis.
Ignis was extremely pleased with you.
You visited 1 branch of the dungeon, and saw 4 of its levels.

You collected 188 gold pieces.

Inventory:

Hand Weapons
 a - a -1 short sword of flaming (weapon)
Missiles
 c - 3 silver javelins
Armour
 b - a +0 robe (worn)
 h - a +2 hat (worn)
 o - a +1 pair of gloves (worn)
Jewellery
 d - a ring of positive energy (left hand)
 i - an amulet of the acrobat (around neck)
Wands
 g - a wand of iceblast (10)
Scrolls
 f - 3 scrolls of teleportation
 m - a scroll of fear {unknown}
Potions
 e - a potion of heal wounds
 j - a potion of cancellation
 k - 2 potions of might {unknown}
 l - a potion of attraction {unknown}
 n - a potion of mutation {unknown}


   Skills:
 + Level 4.9 Fighting
 + Level 4.4 Short Blades
 + Level 3.8 Spellcasting


You had 5 spell levels left.
You knew the following spells:

 Your Spells              Type           Power      Damage    Failure   Level
a - Scorch                Fire           34%        2d6       4%          2
b - Pain                  Necr           68%        1d7       3%          1
c - Static Discharge      Conj/Air       17%        N/A       4%          2
d - Gell's Gravitas       Tloc           17%        N/A       10%         3
Your spell library was empty.

Dungeon Overview and Level Annotations

Branches:
Dungeon (4/15)
 Temple: D:4-7

Altars:

Shops:
D:4 :


Innate Abilities, Weirdness & Mutations

You are immune to sickness and miasma.
You are immune to poison.
Your flesh is very heat resistant. (rF++)
You are vulnerable to cold. (rC-)
You float through the air rather than walking.
You learn spells naturally, not from books.
Your magical power is your life essence.
You have superior vitality. (+4 MHP)


Message History

The water moccasin is heavily wounded.
The water moccasin barely misses you.
You closely miss the water moccasin.
The water moccasin is heavily wounded.
The water moccasin barely misses you.
You barely miss the water moccasin.
The water moccasin is heavily wounded.
The water moccasin is no longer more vulnerable to fire.
The water moccasin bites you.
You hit the water moccasin. You burn the water moccasin.
The water moccasin is severely wounded.
The water moccasin bites you. The water moccasin closely misses you.
You hit the water moccasin but do no damage.
The water moccasin is severely wounded.
The water moccasin bites you but does no damage.
You hit the water moccasin. You burn the water moccasin.
The water moccasin is almost dead.
The water moccasin completely misses you.
You hit the water moccasin but do no damage.
The water moccasin is almost dead.
The water moccasin bites you. The water moccasin misses you.
You barely miss the water moccasin.
The water moccasin is almost dead.
The water moccasin bites you.
Casting: Scorch (safe; 4% risk of failure)
Confirm with . or Enter, or press ? or * to list all spells.
Flames lash the adder.
The adder is moderately wounded.
The adder's fire resistance burns away.
* * * LOW HITPOINT WARNING * * *
The water moccasin bites you.
* * * LOW HITPOINT WARNING * * *
Casting: Scorch (safe; 4% risk of failure)
Confirm with . or Enter, or press ? or * to list all spells.
Flames lash the adder.
The adder is burned terribly!
The adder is heavily wounded.
* * * LOW HITPOINT WARNING * * *
The water moccasin bites you but does no damage.
The water moccasin bites you!
You die...

#.....#.#.#.#. #.
##.##.#.#.#.#.# #.
#..##..#.#.#.#. . #.
#.############# .∩ #. #.#
...# #. ####.# ## .<.8.#.
#....############.
...#...####.#####...........
.8...?†...#@# ####.....
#....S.....#S# ###..††....
#...........S# #...###....
#......####++#### #.### #....
#......#≈§§.?≈≈§###.#####....
#......#≈≈≈..§§§#............
#......#≈≈#.##≈≈#.#.#####....
#......'...≈.#..'.#.# #....
### #......'..#.≈.§.'.#.#
#....


You could see a water moccasin and an adder (combustible).

Vanquished Creatures
  3 necrophages
  3 hounds (D:4)
  3 adders
  3 dart slugs
  7 orcs
  9 endoplasms
  2 giant cockroaches
  5 goblins
  8 hobgoblins
  7 kobolds
  A quokka (D:2)
  9 ball pythons
  4 bats
  2 frilled lizards (D:1)
  9 rats
75 creatures vanquished.

Notes
Turn   | Place    | Note
-------+----------+-------------------------------------------
     0 | D:1      | frimble the Djinni Cinder Acolyte began the quest for the
                  | Orb.
     0 | D:1      | Reached XP level 1. HP: 20/20 MP: 0/0
   225 | D:1      | Reached XP level 2. HP: 25/25 MP: 0/0
   959 | D:1      | Reached XP level 3. HP: 13/30 MP: 0/0
   959 | D:1      | Learned a level 1 spell: Pain
  1708 | D:2      | Found a faded altar of an unknown god.
  2401 | D:2      | Reached XP level 4. HP: 33/36 MP: 0/0
  3586 | D:4      | Noticed a necrophage
  3610 | D:3      | Reached XP level 5. HP: 13/41 MP: 0/0
  3610 | D:3      | Learned a level 2 spell: Static Discharge
  3981 | D:4      | Reached XP level 6. HP: 29/48 MP: 0/0
  4565 | D:4      | Found Teokoaw's Book Shoppe.
  4570 | D:4      | Noticed a water moccasin
  4574 | D:4      | Reached XP level 7. HP: 42/53 MP: 0/0
  4574 | D:4      | Learned a level 3 spell: Gell's Gravitas
  4593 | D:4      | Slain by a water moccasin

Illustrated notes

Levels and vault maps discovered:
D:1:      minmay_arrival_wavy_path, layout_basic
D:2:      layout_basic, ebering_ecumenical_altar_rust, minmay_misc_feat_five,
          roderic_roman_lattice
D:3:      layout_rooms, grunt_decor_one_mirror, kennysheep_minor_cross
D:4:      layout_rooms, tgw_sif, serial_shops, nicolae_stop_n_shop_2,
          minivault_23, kennysheep_donut, kennysheep_generic_room_4

Skill      XL: |  1  2  3  4  5 |
---------------+----------------+-----
Short Blades   | 3 4 |  4.4
Spellcasting   | 3 |  3.8
Fighting       | 4 |  4.9

Action                   |  1- 3 |  4- 6 |  7- 9 || total
-------------------------+-------+-------+-------++-------
Melee: Short sword       |   108 |    86 |    12 ||   206
       Punch             |     3 |     1 |       ||     4
 Cast: Scorch            |    13 |    48 |     3 ||    64
       Static Discharge  |       |     2 |       ||     2
  Use: Scroll            |     3 |     7 |       ||    10
Armor: Robe              |    25 |    50 |     2 ||    77
Dodge: Dodged            |    67 |    75 |    11 ||   153

Table legend: (Time is in decaauts)
 A = Elapsed time spent in this place.
 B = Non-inter-level travel time spent in this place.
 C = Inter-level travel time spent in this place.
 D = Time resting spent in this place.
 E = Time spent auto-exploring this place.
 F = Levels seen in this place.
 G = Mean time per level.
                   A        B        C        D        E       F      G
               +--------+--------+--------+--------+--------+-----+--------+
         Total |   4579 |   4412 |    167 |     72 |   3789 |   4 | 1144.8 |
       Dungeon |   4579 |   4412 |    167 |     72 |   3789 |   4 | 1144.8 |
               +--------+--------+--------+--------+--------+-----+--------+

Top non-repeatable levels by time:
     D:1: 1479 daAuts
     D:3: 1309 daAuts
     D:2: 1039 daAuts
     D:4: 750 daAuts
